 Dungeon Crawl Stone Soup version 0.17-a0-129-g9432df0 (webtiles) character file.

95 Ngotmuk the Cudgeler (level 4, -1/40 HPs)
             Began as a Deep Dwarf Fighter on Mar 24, 2015.
             Slain by a gnoll
             ... wielding a +1 spear of chaos
              (17 damage)
             ... on level 4 of the Dungeon.
             The game lasted 00:06:08 (1839 turns).

Ngotmuk the Cudgeler (Deep Dwarf Fighter)           Turns: 1839, Time: 00:06:09

Health: -1/40      AC:  7    Str: 21    XL:     4   Next: 39%
Magic:  4/4        EV: 10    Int:  8    God:
Gold:   154        SH:  0    Dex: 12    Spells: 0 memorised, 3 levels left

rFire  . . .     SeeInvis .     a - +1 flail
rCold  . . .     Clarity  .     b - +0 scale mail
rNeg   . . .     SustAb   .     (no shield)
rPois  .         Gourm    .     s - +0 helmet
rElec  .         Spirit   .     (no cloak)
rCorr  .         Warding  .     (no gloves)
rMut   .         Stasis   .     (no boots)
MR     .....                    (no amulet)
Stlth  ..........               (no ring)
                                (no ring)

@: lethally poisoned (-1 -> -1), non-regenerating, drained, not resistant to
hostile enchantments, extremely unstealthy
A: damage resistance, recharge devices, sense surroundings 1, slow healing 3
a: Device Recharging


You were on level 4 of the Dungeon.
You were not hungry.

You visited 1 branch of the dungeon, and saw 4 of its levels.

You collected 154 gold pieces.

Inventory:

Hand weapons
 a - a +1 flail (weapon)
Armour
 b - a +0 scale mail (worn)
 s - a +0 helmet (worn)
Magical devices
 d - a wand of heal wounds (8)
Scrolls
 h - 4 scrolls of teleportation {unknown}
 i - 5 scrolls of identify {unknown}
 j - a scroll of remove curse
Potions
 e - a potion of might
 g - 2 potions of heal wounds {unknown}
 l - a potion of brilliance {unknown}
 p - a potion of poison {unknown}
 q - a potion of curing {unknown}
 r - 4 potions of agility {unknown}
Comestibles
 f - 4 bread rations


   Skills:
 - Level 2.6(2.4) Fighting
 * Level 4.1(3.8) Maces & Flails
 - Level 3.2(3.0) Armour
 + Level 2.1(1.9) Dodging
   Level 3.2(3.0) Shields


You had 3 spell levels left.
You didn't know any spells.

Dungeon Overview and Level Annotations

Branches:
Dungeon (4/15)
 Temple: D:4-7

Altars:
Ashenzari
Elyvilon
Fedhas
Gozag
Xom


Innate Abilities, Weirdness & Mutations

You are resistant to damage.
You can recharge devices by infusing magical energy.
You passively map a small area around you.
You do not heal naturally.


Message History

You see here 27 stones.
You hit the gnoll.
The gnoll is lightly wounded.
The gnoll misses you.
You closely miss the gnoll.
The gnoll is lightly wounded.
The gnoll hits you with a spear of chaos!
You are poisoned.
You barely miss the gnoll.
The gnoll is lightly wounded.
The gnoll hits you with a spear of chaos.
You hit the gnoll.
The gnoll is lightly wounded.
The gnoll barely misses you. The gnoll hits you but does no damage.
You closely miss the gnoll.
The gnoll is lightly wounded.
The gnoll hits you but does no damage.
You feel drained.
The gnoll hits you with a spear of chaos.
You are electrocuted!
You die...

, .. #..≈# ,*
*###≈...#≈# * *
#.⌠#....#
####.##### , ,
.#####........#
....<..#.<...#.#
.#.....[.....#
......)...g#g###
.....#....#@#
,...#.#....g.#
.# ######## , ,
,* , , * , , *


You could see 2 gnolls.

Vanquished Creatures
  An adder (D:2)
  A giant mite (D:3)
  2 worms (D:2)
  An ooze (D:3)
  5 orcs (D:3)
  6 goblins
  8 hobgoblins
  2 jackals (D:1)
  A quokka (D:2)
  7 bats
  9 giant cockroaches
  2 giant geckos (D:2)
  4 giant newts
  3 kobolds
  4 rats
56 creatures vanquished.

Notes
Turn   | Place    | Note
--------------------------------------------------------------
     0 | D:1      | Ngotmuk, the Deep Dwarf Fighter, began the quest for the Orb.
     0 | D:1      | Reached XP level 1. HP: 20/20 MP: 1/1
   178 | D:1      | Reached XP level 2. HP: 25/27 MP: 2/2
   493 | D:2      | Found a white marble altar of Elyvilon.
   528 | D:2      | Found an opulent altar of Gozag.
   530 | D:2      | Found a shattered altar of Ashenzari.
   539 | D:2      | Found a blossoming altar of Fedhas.
   539 | D:2      | Found a shimmering altar of Xom.
   712 | D:2      | Reached skill level 1 in Dodging
   781 | D:2      | Reached XP level 3. HP: 25/33 MP: 3/3
  1356 | D:3      | Reached XP level 4. HP: 18/40 MP: 4/4
  1482 | D:3      | Reached skill level 4 in Maces & Flails
  1839 | D:4      | Slain by a gnoll

Action                   |  1- 3 |  4- 6 || total
-------------------------+-------+-------++-------
Melee: Flail             |   185 |    40 ||   225
Evoke: Wand              |       |     1 ||     1
  Use: Scroll            |       |     4 ||     4
  Eat: Fruit             |     2 |       ||     2
       Pizza             |       |     1 ||     1
